 Dungeon Crawl Stone Soup version 0.28-b1-70-g80dc712255 (webtiles) character file.

Game seed: 6495361228569432428

41 crazypyro the Skirmisher (level 3, 0/40 HPs)
             Began as an Ogre Fighter on Feb 3, 2022.
             Succumbed to an adder's poison
             ... on level 2 of the Dungeon.
             The game lasted 00:01:20 (1941 turns).

crazypyro the Skirmisher (Ogre Fighter)             Turns: 1941, Time: 00:01:21

Health: 0/40       AC:  3    Str: 22    XL:     3   Next: 52%
Magic:  3/3        EV:  8    Int:  9    God:
Gold:   42         SH:  7    Dex:  8    Spells: 2/2 levels left

rFire   . . .      SeeInvis .   a - +0 flail
rCold   . . .      Faith    .   c - +0 kite shield
rNeg    . . .      Spirit   .   b - +0 robe
rPois   .          Reflect  .   (helmet restricted)
rElec   .          Harm     .   (no cloak)
rCorr   .          Rampage  .   (gloves unavailable)
Will    .....                   (boots unavailable)
Stlth   +.........              (no amulet)
HPRegen 0.13/turn               (no ring)
MPRegen 0.08/turn               (no ring)

@: mighty, lethally poisoned (0 -> -7)
A: large, unfitting armour, tough skin 1
a: no special abilities


You were on level 2 of the Dungeon.
You visited 1 branch of the dungeon, and saw 2 of its levels.

You collected 42 gold pieces.

Inventory:

Hand Weapons
 a - a +0 flail (weapon)
Armour
 b - a +0 robe (worn)
 c - a +0 kite shield (worn)
Scrolls
 e - a scroll of torment {unknown}
 f - 4 scrolls of identify {unknown}
 h - a scroll of fog {unknown}
Potions
 g - a potion of heal wounds {unknown}


   Skills:
 + Level 4.5 Fighting
 * Level 2.4 Maces & Flails
 + Level 3.0 Dodging
 - Level 3.0 Shields


You had 2 spell levels left.
You didn't know any spells.
Your spell library contained the following spells:

 Spells                   Type           Power      Damage    Failure   Level
 Conjure Flame            Conj/Fire      0%         6-21      96%         3
 Ignite Poison            Fire/Tmut/Pois 0%         N/A       96%         3
 Sticky Flame             Conj/Fire      0%         2d3       100%        4


Dungeon Overview and Level Annotations

Branches:
Dungeon (2/15)

Altars:


Innate Abilities, Weirdness & Mutations

You are too large for most types of armour.
You have tough skin. (AC +1)


Message History

The ball python bites you. The worm bites you!
The ball python bites you but does no damage.
You are too injured to fight recklessly!
You are too injured to fight recklessly!
You are too injured to fight recklessly!
You barely miss the worm.
The worm is moderately wounded.
You block the ball python's attack. The worm barely misses you.
The ball python barely misses you.
You hit the worm.
The worm is moderately wounded.
The ball python bites you. The worm bites you!
You hit the worm.
The worm is moderately wounded.
The ball python bites you.
* * * LOW HITPOINT WARNING * * *
The ball python bites you but does no damage.
The worm bites you.
* * * LOW HITPOINT WARNING * * *
You feel very mighty all of a sudden. The ball python closely misses you.
The worm barely misses you.
You sock the worm!
The worm is severely wounded.
You hear an angry hiss.
An adder comes into view.
The ball python bites you.
* * * LOW HITPOINT WARNING * * *
You block the ball python's attack.
You thump the worm!
You kill the worm!
You block the ball python's attack. The ball python barely misses you.
You block the adder's attack.
You miss the adder. The adder bites you.
* * * LOW HITPOINT WARNING * * *
You are lethally poisoned!
The adder poisons you! The ball python bites you.
* * * LOW HITPOINT WARNING * * *
Unknown command.
You closely miss the adder.
You die...

.####.##.# #.##..###.....
.........####.## #.........#
................ ##..##.####
.........####.#. ##.##.....
#####.##.# #.#. #..######
#####.##.####.#.#########..######
........(........................
..######.........#########..#####
..# .......#.@# ..# ..#
.......SS# #.# ..# .....#... .#
### .....##.## .. # .... #.# .>#
# #### #.# ## # #<# # #.. #


You could see an adder and a ball python.

Vanquished Creatures
  2 worms (D:2)
  2 dart slugs (D:1)
  2 bats
  2 endoplasms
  2 giant cockroaches
  2 goblins
  5 hobgoblins
  2 quokkas (D:1)
  4 ball pythons (D:1)
  A frilled lizard (D:2)
  4 kobolds (D:2)
  A rat (D:1)
29 creatures vanquished.

Notes
Turn   | Place    | Note
-------+----------+-------------------------------------------
     0 | D:1      | crazypyro the Ogre Fighter began the quest for the Orb.
     0 | D:1      | Reached XP level 1. HP: 24/24 MP: 1/1
   273 | D:1      | Reached XP level 2. HP: 20/32 MP: 2/2
   635 | D:1      | Found a faded altar of an unknown god.
  1128 | D:1      | Reached XP level 3. HP: 40/40 MP: 3/3
  1941 | D:2      | Succumbed to an adder's poison

Illustrated notes

Levels and vault maps discovered:
D:1:      heliophobic_arrival_dark_side_of_the_moon, layout_basic,
          nicolae_ecumenical_lake_church, hex_large
D:2:      layout_basic

Skill      XL: |  1  2  3 |
---------------+----------+-----
Maces & Flails | 2 |  2.4
Dodging        | 3 |  3.0
Shields        | 3 |  3.0
Fighting       | |  4.5

Action                   || total
-------------------------++-------
Melee: Flail             ||   129
  Use: Potion            ||     1
Armor: Robe              ||    31
Dodge: Dodged            ||    69
Block: Kite shield       ||    57
